 Dungeon Crawl Stone Soup version 0.31-a0-691-g409c26aa35 (webtiles) character file.

Game seed: 9555308641080248684

10266 Iich the Mimic (level 11, -9/105 HPs)
             Began as a Troll Shapeshifter on Sept 2, 2023.
             Was an Initiate of Gozag.
             Mangled by a 13-headed hydra (11 damage)
             ... on level 1 of the Lair of Beasts on Sept 7, 2023.
             The game lasted 00:21:41 (7844 turns).

Iich the Mimic (Troll Shapeshifter)                 Turns: 7844, Time: 00:21:42

Health: -9/105     AC: 30    Str: 20    XL:     11   Next: 33%
Magic:  19/19      EV: 13    Int:  6    God:    Gozag
Gold:   316        SH:  0    Dex: 16    Spells: 10/10 levels left

rFire   . . .        E - +1 broad axe (elec)
rCold   . . .        (no shield)
rNeg    . . .        i - +16 storm dragon scales of the King of the Hill {rElec MP+9 Str-4 Dex-3 Stlth+}
rPois   .            (helmet currently unavailable)
rElec   +            (cloak currently unavailable)
rCorr   .            (gloves unavailable)
SInv    .            (boots unavailable)
Will    .....        F - amulet of magic regeneration Stlth
                     e - +5 ring of evasion
HPRegen 1.17/turn    s - +6 ring of dexterity
MPRegen 0.56/turn

%: no passive effects
@: mighty, beast-form, gold aura
A: beast (slay +4), large, unfitting armour, claws 3, regeneration 1, shaggy fur
1, tough skin 1
a: Begin Untransformation, Renounce Religion, Potion Petition, Call Merchant,
Bribe Branch


You were on level 1 of the Lair of Beasts.
You worshipped Gozag.
Gozag was aware of your devotion.
You were a hulking beast.
You visited 2 branches of the dungeon, and saw 11 of its levels.

You collected 1983 gold pieces.
You spent 581 gold pieces at shops.
You paid 1086 gold pieces to Gozag.

Inventory:

Hand Weapons
 E - a +1 broad axe of electrocution (weapon)
Armour
 a - a +1 animal skin
 i - the +16 storm dragon scales of the King of the Hill (worn) {rElec MP+9 Str-4 Dex-3 Stlth+}
   (You bought it in a shop on level 9 of the Dungeon)

   Str-4:     It affects your strength (-4).
   Dex-3:     It affects your dexterity (-3).
   rElec:     It insulates you from electricity.
   MP+9:      It affects your magic capacity (+9).
   Stlth+:    It makes you more stealthy.
Jewellery
 e - a +5 ring of evasion (left claw)
 g - a ring of ice
 j - the ring of the Centipede {rN+ Int+2}
   (You found it on level 2 of the Dungeon)

   [ring of positive energy]

   Int+2:     It affects your intelligence (+2).
   rN+:       It protects you from negative energy.
 o - a ring of fire
 s - a +6 ring of dexterity (right claw)
 A - a +6 ring of intelligence
 F - an amulet of magic regeneration (around neck)
Talismans
 c - a beast talisman (active)
 h - a flux talisman
 y - a dragon-blood talisman
 C - a blade talisman
 G - a serpent talisman
Wands
 m - a wand of quicksilver (8)
 u - a wand of paralysis (4)
 z - a wand of flame (12)
 J - a wand of mindburst (9)
Scrolls
 f - a scroll of vulnerability
 k - a scroll of noise
 p - a scroll of torment
 t - 2 scrolls of teleportation
 v - 4 scrolls of enchant armour
 x - 2 scrolls of fog
 B - a scroll of blinking
 H - a scroll of poison
 L - a scroll of amnesia
 M - a scroll of brand weapon
 N - a scroll of butterflies {unknown}
Potions
 b - 4 potions of lignification
 d - 3 potions of might
 l - 2 potions of ambrosia
 n - a potion of resistance
 q - 4 potions of curing
 r - a potion of mutation {unknown}
 w - a potion of attraction
 D - a potion of brilliance {unknown}
 I - a potion of invisibility {unknown}
 K - a potion of haste {unknown}


   Skills:
 + Level 6.2 Fighting
 + Level 3.0 Axes
 + Level 6.0 Armour
 + Level 6.2 Dodging
 + Level 7.9 Unarmed Combat
 * Level 9.6 Shapeshifting


You had 10 spell levels left.
You didn't know any spells.
Your spell library contained the following spells:

 Spells                   Type           Power      Damage    Failure   Level
 Magic Dart               Conj           0%         1d3       99%         1
 Slow                     Hex            0%         N/A       99%         1
 Summon Small Mammal      Summ           0%         N/A       99%         1
 Blink                    Tloc           0%         N/A       100%        2
 Cigotuvi's Dreadful Rot  Necr/Pois/Air  0%         N/A       100%        2
 Searing Ray              Conj           0%         2d4       100%        2
 Sublimation of Blood     Necr           0%         N/A       100%        2
 Call Canine Familiar     Summ           0%         N/A       100%        3
 Confusing Touch          Hex            0%         N/A       100%        3
 Summon Guardian Golem    Hex/Summ       0%         N/A       100%        3
 Vampiric Draining        Necr           0%         2d6       100%        3
 Dispel Undead            Necr           0%         3d6       100%        4
 Fulminant Prism          Conj/Hex       0%         3d5       100%        4
 Manifold Assault         Tloc           0%         N/A       100%        4
 Petrify                  Tmut/Erth      0%         N/A       100%        4
 Irradiate                Conj/Tmut      0%         3d11      100%        5
 Death Channel            Necr           0%         N/A       100%        6


Dungeon Overview and Level Annotations

Branches:
Dungeon (10/15)            Temple (0/1) D:6            Lair (1/5) D:8
    Orc (0/2) D:9

Altars:
Cheibriados
Gozag
Hepliaklqana
Okawaru
Qazlal
Trog
Wu Jian
Xom
Zin

Shops:
D:9 *


Innate Abilities, Weirdness & Mutations

You are a hulking beast.
Your limbs bulge with bestial killing power. (Slay +4)
You are too large for most types of armour.
You have claws for hands.
Your natural rate of healing is unusually fast.
You are covered in fur. (AC +1)
You have tough skin. (AC +1)


Message History

The 12-headed hydra misses you. The 12-headed hydra bites you!
* * * LOW HITPOINT WARNING * * *
The 12-headed hydra completely misses you.
The 12-headed hydra bites you.
* * * LOW HITPOINT WARNING * * *
The 12-headed hydra bites you but does no damage. x3
The 12-headed hydra completely misses you.
The 12-headed hydra bites you.
* * * LOW HITPOINT WARNING * * *
The 12-headed hydra bites you but does no damage. x2
The 12-headed hydra bites you!
* * * LOW HITPOINT WARNING * * *
The wolf howls!
You take 20 damage, and have 19/105 hp.
You chop one of the 12-headed hydra's heads off!
The 11-headed hydra grows two more!
You slash the 13-headed hydra! Your claw misses the 13-headed hydra.
The 13-headed hydra is severely wounded.
The vampire mosquito is distracted by your dazzling golden aura.
The 13-headed hydra bites you but does no damage. x2
The 13-headed hydra barely misses you.
The 13-headed hydra bites you but does no damage.
The 13-headed hydra bites you.
* * * LOW HITPOINT WARNING * * *
The 13-headed hydra barely misses you.
The 13-headed hydra bites you but does no damage.
The 13-headed hydra closely misses you.
The 13-headed hydra bites you but does no damage.
The 13-headed hydra misses you. The 13-headed hydra bites you.
* * * LOW HITPOINT WARNING * * *
The 13-headed hydra bites you!
* * * LOW HITPOINT WARNING * * *
The 13-headed hydra closely misses you.
The vampire mosquito is distracted by your dazzling golden aura.
The 13-headed hydra bites you.
* * * LOW HITPOINT WARNING * * *
The 13-headed hydra closely misses you. The 13-headed hydra misses you.
The 13-headed hydra bites you!
You die...
Your body crumbles into a pile of gold.

#### ####### ###
.#.###.#.#.#####.#######
........................
........................
........................
##....######.###h$....##
###..# ### #D###...#
#...# #yy....~.
##..#########P....~~≈.
#..............~≈≈≈~~
#..####.#.....~~≈≈~≈P
####..# #....~~~≈≈≈!~
.##...# #....≈≈≈≈hhP.
......# #.....≈~~~...


You could see a 13-headed hydra, 2 vampire mosquitoes and 2 wolves.

Vanquished Creatures
  Fannar (D:10)
  Jeremiah (Lair:1)
  A rime drake (D:8)
  3 trolls
  2 polar bears
  7 blink frogs (Lair:1)
  A wraith (D:10)
  Sigmund (D:3)
  A wyvern (D:9)
  A basilisk (Lair:1)
  4 yaks (D:10)
  2 steam dragons
  6 vampire mosquitoes
  2 water moccasins
  6 orc warriors
  3 ice beasts (D:8)
  4 sky beasts
  3 ogres
  2 black bears
  2 wolves (D:8)
  3 centaurs
  2 kobold brigands
  3 bullfrogs
  3 scorpions (D:5)
  4 wights (D:6)
  13 killer bees
  2 howler monkeys
  7 orc priests
  3 hounds
  2 jellies (D:7)
  A gnoll bouda (D:7)
  5 iguanas
  12 orc wizards
  8 gnolls
  5 adders
  A white imp (D:7)
  2 ufetubi
  2 worms
  A dart slug (D:1)
  24 orcs
  3 bats
  8 endoplasms
  A giant cockroach (D:1)
  5 goblins
  10 hobgoblins
  4 jackals (D:1)
  6 quokkas
  5 ball pythons
  5 frilled lizards
  14 kobolds
  2 rats (D:2)
  A butterfly (D:6)
220 creatures vanquished.

Vanquished Creatures (others)
  An orc priest (D:9)
  An orc (D:9)
2 creatures vanquished.

Grand Total: 222 creatures vanquished

Notes
Turn   | Place    | Note
-------+----------+-------------------------------------------
     0 | D:1      | Iich the Troll Shapeshifter began the quest for the Orb.
     0 | D:1      | Reached XP level 1. HP: 18/18 MP: 0/0
   113 | D:1      | Reached skill level 1 in Fighting
   160 | D:1      | Reached XP level 2. HP: 27/27 MP: 1/1
   663 | D:2      | Reached XP level 3. HP: 33/33 MP: 2/2
   696 | D:2      | Identified the ring of the Centipede {rN+ Int+2}
   859 | D:2      | Reached skill level 1 in Armour
  1262 | D:3      | Found a bloodstained altar of Trog.
  1334 | D:3      | Found an opulent altar of Gozag.
  1380 | D:3      | Became a worshipper of Gozag Ym Sagoz the Greedy
  1425 | D:3      | Reached XP level 4. HP: 41/41 MP: 3/3
  1425 | D:3      | Found a stormy altar of Qazlal.
  1474 | D:3      | Noticed Sigmund
  1480 | D:3      | Killed Sigmund
  1481 | D:3      | Reached XP level 5. HP: 49/49 MP: 4/4
  1915 | D:4      | Noticed a black bear
  1923 | D:4      | Killed a black bear
  1924 | D:4      | Reached XP level 6. HP: 55/57 MP: 5/5
  2011 | D:4      | Reached skill level 4 in Shapeshifting
  2053 | D:4      | Noticed a sky beast
  2064 | D:4      | Killed a sky beast
  2122 | D:4      | Reached XP level 7. HP: 65/66 MP: 6/6
  2375 | D:4      | Found an ornate altar of the Wu Jian Council.
  2416 | D:5      | Entered Level 5 of the Dungeon
  2490 | D:5      | Reached skill level 5 in Shapeshifting
  2547 | D:5      | Reached skill level 5 in Unarmed Combat
  2547 | D:5      | Reached XP level 8. HP: 72/75 MP: 7/7
  2656 | D:5      | Found a hazy altar of Hepliaklqana.
  3317 | D:6      | Found a snail-covered altar of Cheibriados.
  3343 | D:6      | Found a staircase to the Ecumenical Temple.
  3419 | D:6      | Reached skill level 6 in Shapeshifting
  3856 | D:6      | Upgraded the game from 0.31-a0-664-g902f515a81 to
                  | 0.31-a0-691-g409c26aa35
  4389 | D:7      | Reached XP level 9. HP: 64/84 MP: 8/8
  4593 | D:7      | Reached skill level 7 in Shapeshifting
  5368 | D:8      | Found an iron altar of Okawaru.
  5428 | D:8      | Reached skill level 5 in Dodging
  5500 | D:8      | Noticed a rime drake
  5536 | D:8      | Found a staircase to the Lair.
  5549 | D:8      | Killed a rime drake
  5550 | D:8      | Reached skill level 5 in Fighting
  5565 | D:8      | Noticed a polar bear
  5576 | D:8      | Reached XP level 10. HP: 78/96 MP: 9/9
  5586 | D:8      | Reached skill level 8 in Shapeshifting
  5587 | D:8      | Reached skill level 5 in Armour
  5859 | D:9      | Found Uwkur's CLEARANCE SALE!.
  5868 | D:9      | Bought the +16 storm dragon scales of the King of the Hill
                  | {rElec MP+9 Str-4 Dex-3 Stlth+} for 581 gold pieces
  6388 | D:9      | Reached skill level 1 in Axes
  6532 | D:9      | Found a staircase to the Orcish Mines.
  6685 | D:10     | Entered Level 10 of the Dungeon
  6812 | D:10     | Identified the +2 pair of boots of the Mackerel {Int+3}
  6893 | D:10     | Reached skill level 9 in Shapeshifting
  7108 | D:10     | Found a shimmering altar of Xom.
  7179 | D:10     | Noticed Fannar
  7193 | D:10     | Killed Fannar
  7194 | D:10     | Reached XP level 11. HP: 105/105 MP: 10/10
  7217 | D:10     | Found a glowing silver altar of Zin.
  7540 | Lair:1   | Entered Level 1 of the Lair of Beasts
  7634 | Lair:1   | Noticed Jeremiah
  7733 | Lair:1   | Killed Jeremiah
  7829 | Lair:1   | Noticed a seven-headed hydra
  7844 | Lair:1   | HP: 5/105 [13-headed hydra (11)]
  7844 | Lair:1   | HP: 2/105 [13-headed hydra (3)]
  7844 | Lair:1   | Mangled by a 13-headed hydra

Illustrated notes

Levels and vault maps discovered:
D:1:      dpeg_arrival_three_smaller_balls, layout_loops_ring
D:2:      layout_basic
D:3:      layout_basic, grunt_gozag_breadcrumbs, trog_butcher_becter,
          mainiacjoe_overflow_24_doors, uniq_sigmund
D:4:      cheibrodos_thug_alley, layout_basic,
          nicolae_wu_jian_immortal_techniques
D:5:      layout_loops_ring, nicolae_overflow_crystal_walls,
          chequers_serial_rivers_marsh, serial_park_tiny_1,
          minmay_misc_feat_plants
D:6:      layout_loops_ring, mainiacjoe_overflow_chevrons,
          minmay_temple_entry_butterflies
D:7:      layout_basic
D:8:      layout_gridville, okawaru_altar_gauntlet_db, hellmonk_lair_entry_icy
D:9:      layout_loops_corners, david_orc_4, corexii_corridor_pit,
          nicolae_shop_clearance
D:10:     layout_irregular_city, mainiacjoe_overflow_alcove_2,
          mainiacjoe_overflow_small_starburst, uniq_fannar
Lair:1:   beast_lair_carwin_large_1, layout_chaotic_city, basic_altar,
          minivault_27, wad_woods_road_01, pond, infiniplex_staircase_pool_2,
          uniq_jeremiah, uniq_joseph

Skill      XL: |  1  2  3  4  5  6  7  8  9 10 11 |
---------------+----------------------------------+-----
Fighting       | 1 2 3 4 5 6 |  6.2
Armour         | 1 2 3 4 5 6 |  6.0
Dodging        | 2 3 4 5 6 |  6.2
Unarmed Combat | 4 5 6 7 |  7.9
Shapeshifting  | 4 5 6 7 9 |  9.6
Axes           | 2 3 |  3.0

Action                     |  1- 3 |  4- 6 |  7- 9 | 10-12 || total
---------------------------+-------+-------+-------+-------++-------
  Melee: Unarmed           |    82 |    50 |   271 |    16 ||   419
         Punch             |     2 |       |     8 |    12 ||    22
         War axe           |       |       |     1 |       ||     1
         Constrict         |       |       |     2 |       ||     2
         Broad axe         |       |       |       |   207 ||   207
 Invoke: Potion Petition   |       |       |       |     3 ||     3
Ability: Breathe Fire      |       |       |     1 |       ||     1
  Evoke: Wand              |       |     1 |    11 |    17 ||    29
    Use: Potion            |     2 |       |     2 |     4 ||     8
         Scroll            |       |       |     6 |     7 ||    13
   Stab: Sleeping          |     1 |       |     1 |       ||     2
         Distracted        |       |       |     1 |     3 ||     4
         Paralysed         |       |       |     5 |     5 ||    10
         Invisible         |       |       |       |     2 ||     2
 Armour: Animal skin       |    29 |    24 |   134 |     9 ||   196
         Skin              |       |       |    18 |       ||    18
         Storm dragon scal |       |       |       |   396 ||   396
  Dodge: Dodged            |    48 |    16 |   242 |   326 ||   632
   Form: Blade             |       |       |     2 |       ||     2
         Beast             |       |       |     2 |       ||     2
         Anaconda          |       |       |     1 |       ||     1
         Dragon            |       |       |     1 |       ||     1
         Flux              |       |       |     1 |       ||     1

Table legend: (Time is in decaauts)
 A = Elapsed time spent in this place.
 B = Non-inter-level travel time spent in this place.
 C = Inter-level travel time spent in this place.
 D = Time resting spent in this place.
 E = Time spent auto-exploring this place.
 F = Levels seen in this place.
 G = Mean time per level.
                   A        B        C        D        E       F      G
               +--------+--------+--------+--------+--------+-----+--------+
         Total |   7886 |   7586 |    300 |     70 |   5920 |  11 |  716.9 |
       Dungeon |   7540 |   7241 |    299 |     65 |   5795 |  10 |  754.0 |
          Lair |    345 |    345 |      0 |      5 |    125 |   1 |  345.0 |
               +--------+--------+--------+--------+--------+-----+--------+

Top non-repeatable levels by time:
     D:7: 1107 daAuts
     D:9: 1011 daAuts
    D:10: 846 daAuts
     D:5: 796 daAuts
     D:3: 747 daAuts
     D:8: 689 daAuts
     D:6: 687 daAuts
     D:1: 576 daAuts
     D:2: 575 daAuts
     D:4: 503 daAuts
  Lair:1: 345 daAuts
